 Dungeon Crawl Stone Soup version 0.30-a0-728-gc68057be0a (webtiles) character file.

Game seed: 9673429157502740118

115660 DEFE the Spry (level 17, -4/143 HPs)
             Began as a Djinni Wanderer on Jan 30, 2023.
             Was the Champion of Ashenzari.
             Slain by a catoblepas (6 damage)
             ... led by Polyphemus
             ... while petrified by a catoblepas
             ... on level 2 of the Shoals.
             The game lasted 00:47:37 (35264 turns).

DEFE the Spry (Djinni Wanderer)                    Turns: 35264, Time: 00:47:37

Health: -4/143     AC: 14    Str:  8    XL:     17   Next: 24%
Gold:   1138       EV:  2    Int: 21    God:    Ashenzari [******] SH:  0 Dex: 10

rFire   + + .      SeeInvis +    Z - +5 rapier of the Oracular God {drain, +Blink rPois Dex-4 SInv, Melee, Evo} (curse)
rCold   + . .      Faith    +    G - +0 buckler of Panopticon {Self, Range} (curse)
rNeg    + + +      Spirit   .    y - +4 troll leather armour of the Ensconced Sorrow {Regen+, Fort, Self} (curse)
rPois   ∞          Reflect  .    i - +2 helmet "Thunder Perfect Mind" {Cun, Self} (curse)
rElec   +          Harm     .    V - +1 cloak of the Shackled Dismay {+Inv rC++ Stlth+, Evo, Fort} (curse)
rCorr   +          Rampage  .    P - +0 pair of gloves "Share My Sybil" {Fort, Self} (curse)
Will    +....      Clarity  +    (boots unavailable)
Stlth   +++                      g - amulet of the Restrained Repose {Faith, Self, Fort} (curse)
HPRegen 1.23/turn                q - ring "Shattered With Me" {EV+5, Cun, Self} (curse)
MPRegen 0.00/turn                F - ring "Behold Eternity" {Fly rElec rCorr Dex-3 Stlth+, Self, Fort} (curse)

@: petrified, flying
A: sickness immunity, fire resistance 2, cold vulnerability 1, float, innate
caster, HP casting, extra vitality 1
a: Renounce Religion, Evoke Blink, Evoke Invisibility, Shatter the Chains


You were on level 2 of the Shoals.
You worshipped Ashenzari.
Ashenzari was exalted by your worship.
You visited 6 branches of the dungeon, and saw 27 of its levels.
You visited the Abyss 1 time.
You also visited: Sewer.

You collected 2281 gold pieces.
You spent 1143 gold pieces at shops.

Inventory:

Hand Weapons
 e - the +1 dagger "Vocoh" {flame, rF+ MP+9}
   (You bought it in a shop on level 2 of the Orcish Mines)

   rF:        It protects you from fire.
   MP:        It affects your magic capacity (+9).
 Z - the cursed +5 rapier of the Oracular God (weapon) {drain, +Blink rPois Dex-4 SInv, Melee, Evo}
   (You found it on level 5 of the Lair of Beasts)

   Dex:       It affects your dexterity (-4).
   rPois:     It protects you from poison.
   SInv:      It lets you see invisible.
   +Blink:    It lets you blink.
   It has a curse which improves the following skills: Melee Combat: Short
   Blades, Long Blades, Axes, Maces & Flails, Polearms, Staves and Unarmed
   Combat.
   Evocations: Evocations.
Missiles
 d - 5 throwing nets (quivered)
Armour
 i - the cursed +2 helmet "Thunder Perfect Mind" (worn) {Cun, Self}
   (You found it on level 5 of the Lair of Beasts)

   It has a curse which improves the following skills: Cunning: Dodging and
   Stealth.
   Introspection: Fighting and Spellcasting.
 j - a +0 ring mail
 y - the cursed +4 troll leather armour of the Ensconced Sorrow (worn) {Regen+, Fort, Self}
   (You found it on level 2 of the Orcish Mines)

   Regen:     It increases your rate of health regeneration.
   It has a curse which improves the following skills: Fortitude: Armour and
   Shields.
   Introspection: Fighting and Spellcasting.
 G - the cursed +0 buckler of Panopticon (worn) {Self, Range}
   (You found it on level 5 of the Lair of Beasts)

   It has a curse which improves the following skills: Introspection: Fighting
   and Spellcasting.
   Ranged Combat: Ranged Weapons and Throwing.
 P - the cursed +0 pair of gloves "Share My Sybil" (worn) {Fort, Self}
   (You bought it in a shop on level 9 of the Dungeon)

   It has a curse which improves the following skills: Fortitude: Armour and
   Shields.
   Introspection: Fighting and Spellcasting.
 V - the cursed +1 cloak of the Shackled Dismay (worn) {+Inv rC++ Stlth+, Evo, Fort}
   (You acquired it on level 5 of the Lair of Beasts)

   rC:        It greatly protects you from cold.
   +Inv:      It lets you turn invisible.
   Stlth:     It makes you more stealthy.
   It has a curse which improves the following skills: Evocations: Evocations.
   Fortitude: Armour and Shields.
Magical Staves
 Q - a staff of cold
Jewellery
 f - a +5 ring of evasion
 g - the cursed amulet of the Restrained Repose (around neck) {Faith, Self, Fort}
   (You found it on level 1 of the Dungeon)

   [amulet of faith]

   It allows you to gain divine favour quickly.
   It has a curse which improves the following skills: Introspection: Fighting
   and Spellcasting.
   Fortitude: Armour and Shields.
 q - the cursed ring "Shattered With Me" (left hand) {EV+5, Cun, Self}
   (You found it on level 3 of the Dungeon)

   [ring of evasion]

   EV:        It affects your evasion (+5).
   It has a curse which improves the following skills: Cunning: Dodging and
   Stealth.
   Introspection: Fighting and Spellcasting.
 F - the cursed ring "Behold Eternity" (right hand) {Fly rElec rCorr Dex-3 Stlth+, Self, Fort}
   (You found it on level 5 of the Dungeon)

   [ring of flight]

   Dex:       It affects your dexterity (-3).
   rElec:     It insulates you from electricity.
   Fly:       It grants you flight.
   rCorr:     It protects you from acid and corrosion.
   Stlth:     It makes you more stealthy.
   It has a curse which improves the following skills: Introspection: Fighting
   and Spellcasting.
   Fortitude: Armour and Shields.
 T - a +6 ring of dexterity
 U - a +6 ring of dexterity
 Y - an amulet of the acrobat
Wands
 p - a wand of digging (7)
 t - a wand of polymorph (6)
 L - a wand of acid (5)
 M - a wand of flame (48)
 R - a wand of paralysis (5)
Scrolls
 b - 5 scrolls of silence
 h - 4 scrolls of teleportation
 l - 3 scrolls of enchant weapon
 n - 10 scrolls of poison
 o - 5 scrolls of enchant armour
 r - 6 scrolls of immolation
 s - 7 scrolls of magic mapping
 u - 3 scrolls of fog
 v - a scroll of summoning
 A - 3 scrolls of brand weapon
 C - 5 scrolls of amnesia
 E - 3 scrolls of noise
 I - 5 scrolls of vulnerability
 O - 2 scrolls of fear
Potions
 c - 4 potions of attraction
 k - 5 potions of might
 m - 2 potions of mutation
 w - 6 potions of brilliance
 x - 5 potions of haste
 z - 16 potions of curing
 B - a potion of heal wounds
 D - 6 potions of lignification
 H - 2 potions of flight
 J - 2 potions of berserk rage
 K - 2 potions of ambrosia
 N - a potion of invisibility
 S - a potion of resistance
 W - 4 potions of cancellation
Miscellaneous
 a - a box of beasts (inert)
 X - a phantom mirror


   Skills:
 + Level 10.8(19.8) Fighting
 + Level 1.4(3.2) Short Blades
 - Level 1.5(3.3) Throwing
 + Level 16.1(19.9) Dodging
 + Level 10.2(17.3) Shields
 - Level 1.7(3.6) Unarmed Combat
 + Level 13.8(22.8) Spellcasting
 + Level 15.7(19.5) Evocations


You had 30 spell levels left.
You knew the following spells:

 Your Spells              Type           Power      Damage    Failure   Level
a - Shock                 Conj/Air       100%       1d9       0%          1
b - Blink                 Tloc           100%       N/A       0%          2
c - Tukima's Dance        Hex            88%        N/A       0%          3
d - Flame Wave            Conj/Fire      88%        2d19      0%          4
e - Summon Lightning Spi  Summ/Air       88%        N/A       0%          4
f - Yara's Violent Unrav  Hex/Tmut       44%        3d17      0%          5
g - Simulacrum            Ice/Necr       44%        N/A       1%          6
h - Summon Cactus Giant   Summ           44%        N/A       1%          6
Your spell library was empty.

Dungeon Overview and Level Annotations

Branches:
Dungeon (14/15)            Temple (1/1) D:5            Lair (5/5) D:10
 Shoals (3/4) Lair:2        Snake (2/4) Lair:2        Slime (0/5) Lair:4
    Orc (2/2) D:10            Elf (0/3) Orc:2        Vaults (0/5) D:14
  Sewer (visited)

Altars:
Ashenzari
Cheibriados
Dithmenos
Elyvilon
Fedhas
Gozag
Makhleb
Okawaru
Qazlal
Ru
Uskayaw
Yredelemnul
Zin
The Shining One
Jiyva

Shops:
D:6 *   D:7 *   D:9 *=*   Orc:1 !   Orc:2 *([:

Annotations:
D:9 exclusion: orange crystal statue
Lair:1 2 runed translucent doors, Puas's ghost, journeyman GrBe
Shoals:3 Polyphemus


Innate Abilities, Weirdness & Mutations

You are immune to sickness and miasma.
You are immune to poison.
Your flesh is very heat resistant. (rF++)
You are vulnerable to cold. (rC-)
You float through the air rather than walking.
You learn spells naturally, not from books.
Your magical power is your life essence.
You have superior vitality. (+4 MHP)


Message History

The catoblepas gores you but does no damage.
The death yak gores you but does no damage.
You are engulfed in calcifying dust.
The catoblepas gores you!!
* * * LOW HITPOINT WARNING * * *
The death yak gores you!
* * * LOW HITPOINT WARNING * * *
You are engulfed in calcifying dust.
The catoblepas breathes a plume of calcifying dust at you.
The blast of calcifying dust hits you but does no damage.
The death yak gores you!
* * * LOW HITPOINT WARNING * * *
The catoblepas breathes a plume of calcifying dust at you.
The blast of calcifying dust hits you.
* * * LOW HITPOINT WARNING * * *
The death yak gores you.
* * * LOW HITPOINT WARNING * * *
You are engulfed in calcifying dust.
The catoblepas gores you!
* * * LOW HITPOINT WARNING * * *
The death yak gores you but does no damage.
You are engulfed in calcifying dust.
The sentinel's mark upon you fades away.
The catoblepas breathes a plume of calcifying dust at you.
The blast of calcifying dust hits you but does no damage.
The death yak gores you.
* * * LOW HITPOINT WARNING * * *
You are engulfed in calcifying dust.
The catoblepas breathes a plume of calcifying dust at you.
The blast of calcifying dust hits you but does no damage.
The death yak gores you but does no damage.
You are engulfed in calcifying dust.
The catoblepas breathes a plume of calcifying dust at you.
The blast of calcifying dust hits you.
* * * LOW HITPOINT WARNING * * *
The death yak gores you.
* * * LOW HITPOINT WARNING * * *
You are engulfed in calcifying dust.
The catoblepas gores you!
You die...

~..~~~~~~...~~...........~~~~~~~~
....~~~~~~~~.......~......~~~≈≈≈≈
###.~~~~.~.~~.....~~~...~~~~)≈≈≈≈
# #.~~~.~~..~~###)~~~......~~≈≈≈≈
##..~~~~~....# #...~.###...~≈≈≈≈
#...~~~~~....###.....# #).~~≈≈≈≈
#...~~~~~.....)).....###....~≈≈≈
##.~..~~~~....)§###...#.[.~.~~.~
# ###.~~~~~~~~.Y@###[......~~~..~
# ##.~~~~~~.~~Y.#...~...)~~~.~~ #
##...~~~~...........##..~~~~~~ #
#....P~~P.....~~...##.~~~~~~~≈ #
######P..#####.~~~......~~~~~≈
### ##..# #....~.....~~~~~≈ ##.#
#P.# #....~.~~.~~~~~≈≈ ##..###
##.### ###..~~~~~~~~≈~~~
##.....###....### #.~~~~..~~≈≈~~~


You could see a death yak and a catoblepas.

Vanquished Creatures
  Kirke (Lair:3)
  An orc warlord (Orc:2)
  2 merfolk impalers
  Fannar (Orc:1)
  3 vault guards (D:14)
  Erolcha (Orc:1)
  3 hydras
  A catoblepas (Lair:3)
  An alligator snapping turtle (Shoals:3)
  An anaconda (Snake:1)
  A merfolk aquamancer (Shoals:2)
  3 centaur warriors
  6 two-headed ogres
  A naga warrior (Snake:1)
  A death yak (Shoals:3)
  A shock serpent (Snake:1)
  A thrashing horror (Abyss:3)
  2 naga ritualists (Snake:1)
  8 sea snakes
  A wizard (D:14)
  7 harpies (Shoals:2)
  3 ugly things
  4 mana vipers (Snake:1)
  2 orc knights (Orc:2)
  A harpy (shapeshifter) (D:14)
  2 deep elf pyromancers
  7 manticores
  12 fauns
  5 cyclopes
  2 orc sorcerers
  A worldbinder (Abyss:3)
  8 merfolk sirens
  26 black mambas
  4 elephants
  2 naga magi (Snake:1)
  A guardian serpent (Snake:1)
  4 water nymphs
  3 torpor snails
  A gargoyle (D:13)
  17 cane toads
  2 unseen horrors
  9 komodo dragons
  3 rime drakes
  An ancient zyme (Abyss:3)
  15 merfolk
  3 trolls
  A wind drake (Shoals:1)
  3 polar bears
  4 tyrant leeches (Lair:5)
  Grinder (D:4)
  11 dream sheep
  23 blink frogs
  5 snapping turtles (Shoals:1)
  A centaur simulacrum (D:11)
  A wraith (D:10)
  A shadow (D:5)
  2 slime creatures (D:14)
  2 wyverns
  A fire bat (shapeshifter) (D:14)
  2 hogs (Lair:3)
  10 water elementals
  6 basilisks
  31 yaks
  4 humans (D:7)
  2 steam dragons (D:8)
  2 starcursed masses (Abyss:3)
  5 vampire mosquitoes
  2 wargs (Orc:2)
  2 acid dragons
  7 nagas (Snake:1)
  23 water moccasins
  Duvessa (D:7)
  20 orc warriors
  5 black bears
  An ice beast (D:4)
  2 sky beasts (D:7)
  14 wolves
  8 ogres
  3 centaurs
  4 kobold brigands
  2 phantoms (D:6)
  15 bullfrogs
  A gnoll sergeant (D:11)
  2 necrophages
  4 scorpions
  3 wights (D:10)
  Dowan (D:7)
  15 killer bees
  3 electric eels
  A vampire bat (D:5)
  4 howler monkeys
  10 orc priests
  4 hounds
  2 gnoll boudas
  An iron imp (D:13)
  3 iguanas
  22 orc wizards
  5 hell rats (Lair:5)
  12 gnolls
  14 adders
  2 river rats (Sewer)
  A white imp (D:6)
  An ufetubus (D:3)
  A worm (D:5)
  3 dart slugs (D:3)
  3 fire bats (D:5)
  46 orcs
  2 spectral bats (D:5)
  3 bat skeletons (D:5)
  A bat zombie (D:5)
  7 endoplasms
  7 giant cockroaches
  4 goblins
  5 hobgoblins
  11 jackals
  7 quokkas
  5 ball pythons
  15 bats
  A bat simulacrum (D:5)
  6 frilled lizards
  17 kobolds
  11 rats
  3 bushes
  A butterfly (D:5)
682 creatures vanquished.

Vanquished Creatures (collateral kills)
  An orc warlord (Orc:2)
  Azrael (Orc:2)
  A spark wasp (Shoals:2)
  A merfolk impaler (Shoals:3)
  An ettin (Orc:2)
  5 vault guards (D:14)
  2 hydras
  A merfolk aquamancer (Shoals:2)
  An orc high priest (Orc:2)
  A shock serpent (Lair:2)
  2 thrashing horrors (Abyss:3)
  An orc knight (Orc:2)
  A manticore (Shoals:2)
  An orc sorcerer (Orc:2)
  A water nymph (Shoals:3)
  2 merfolk (Shoals:3)
  A snapping turtle (Shoals:2)
  4 slime creatures (D:14)
  2 water elementals (Shoals:2)
  4 fire elementals (Orc:2)
  A warg (Orc:2)
  A hell hound (Orc:2)
  5 orc warriors (Orc:2)
  2 orc priests (Orc:2)
  2 orc wizards (Orc:2)
  An ufetubus (Abyss:3)
  An orc (Orc:2)
47 creatures vanquished.

Vanquished Creatures (others)
  4 dancing weapons (Orc:2)
  2 humans (Lair:3)
  A black bear (Lair:3)
  An ogre (Orc:1)
  47 fungi
  194 plants
  11 withered plants (Lair:2)
260 creatures vanquished.

Grand Total: 989 creatures vanquished

Notes
Turn   | Place    | Note
-------+----------+-------------------------------------------
     0 | D:1      | DEFE the Djinni Wanderer began the quest for the Orb.
     0 | D:1      | DEFE set off with the following items: a +0 dagger, a
                  | scroll of silence, a potion of attraction, a scroll of
                  | blinking, a +2 leather armour.
     0 | D:1      | Reached XP level 1. HP: 20/20 MP: 0/0
     2 | D:1      | Noticed a troll
     2 | D:1      | Noticed a tengu
     4 | D:1      | Noticed an ogre
     6 | D:1      | Noticed an armataur
     6 | D:1      | Noticed a demonspawn
     8 | D:1      | Noticed a felid
    10 | D:1      | Noticed a demigod
    10 | D:1      | Noticed an elf
    12 | D:1      | Noticed a merfolk
    12 | D:1      | Noticed a meteoran
    14 | D:1      | Noticed a human
    14 | D:1      | Noticed a spriggan
    16 | D:1      | Noticed a formicid
    16 | D:1      | Noticed an octopode
    18 | D:1      | Noticed a ghoul
    18 | D:1      | Noticed a minotaur
    20 | D:1      | Noticed a naga
    20 | D:1      | Noticed a draconian
    22 | D:1      | Noticed a gargoyle
    24 | D:1      | Noticed a troll
    24 | D:1      | Noticed a vine stalker
    26 | D:1      | Noticed a meteoran
    26 | D:1      | Noticed a demigod
   105 | D:1      | Found a faded altar of an unknown god.
   251 | D:1      | Reached XP level 2. HP: 25/25 MP: 0/0
   558 | D:1      | Reached XP level 3. HP: 19/30 MP: 0/0
   558 | D:1      | Learned a level 1 spell: Shock
  1400 | D:2      | Reached XP level 4. HP: 35/35 MP: 0/0
  1649 | D:2      | Reached skill level 1 in Spellcasting
  2032 | D:3      | Found a stormy altar of Qazlal.
  2142 | D:3      | Found a white marble altar of Elyvilon.
  2163 | D:3      | Found a blossoming altar of Fedhas.
  2402 | D:3      | Reached XP level 5. HP: 40/40 MP: 0/0
  2402 | D:3      | Learned a level 2 spell: Blink
  2510 | D:3      | Found a glowing drain.
  2514 | Sewer    | Entered a sewer
  2521 | Sewer    | Noticed a kobold brigand
  2584 | Sewer    | HP: 2/40 [kobold brigand/+0 whip (3)]
  2589 | Sewer    | HP: 1/40 [kobold brigand/+0 whip (2)]
  2594 | Sewer    | Killed a kobold brigand
  2595 | Sewer    | Reached XP level 6. HP: 28/46 MP: 0/0
  3886 | D:4      | Reached XP level 7. HP: 46/50 MP: 0/0
  3886 | D:4      | Learned a level 3 spell: Tukima's Dance
  4276 | D:4      | Reached skill level 5 in Spellcasting
  4506 | D:4      | Noticed Grinder
  4514 | D:4      | Paralysed by Grinder for 4 turns
  4523 | D:4      | Paralysed by Grinder for 4 turns
  4532 | D:4      | Paralysed by Grinder for 4 turns
  4536 | D:4      | Killed Grinder
  4537 | D:4      | Reached XP level 8. HP: 21/56 MP: 0/0
  4880 | D:5      | Entered Level 5 of the Dungeon
  5427 | D:5      | Reached skill level 1 in Evocations
  5813 | D:5      | Identified the ring of the Imbibing Gods {Fly rElec rCorr
                  | Dex-3 Stlth+}
  5869 | D:5      | Found a staircase to the Ecumenical Temple.
  5876 | Temple   | Entered the Ecumenical Temple
  5892 | Temple   | Became a worshipper of Ashenzari the Shackled
  5925 | D:5      | Noticed a shadow
  5936 | D:5      | Killed a shadow
  6246 | D:5      | Reached XP level 9. HP: 54/61 MP: 0/0
  6246 | D:5      | Learned a level 4 spell: Flame Wave
  7007 | D:6      | Reached skill level 5 in Evocations
  7576 | D:6      | Reached XP level 10. HP: 41/67 MP: 0/0
  7780 | D:6      | Found Pouxkac's Assorted Antiques.
  7824 | D:6      | Bought a scroll labelled VIUJ JODWOQE for 29 gold pieces
  7824 | D:6      | Bought a scroll labelled WINOEN LUISORR for 29 gold pieces
  7824 | D:6      | Bought a scroll of identify for 58 gold pieces
  7824 | D:6      | Bought a scroll labelled WINOEN LUISORR for 29 gold pieces
  7824 | D:6      | Bought a murky white potion for 26 gold pieces
  8390 | D:7      | Found an opulent altar of Gozag.
  8400 | D:7      | Found Gozag's Platinum Reserve.
  8511 | D:7      | Reached * piety under Ashenzari
  8899 | D:7      | Noticed Duvessa
  8907 | D:7      | Noticed Dowan
  8909 | D:7      | Killed Duvessa
  8975 | D:7      | Killed Dowan
  9580 | D:8      | Reached ** piety under Ashenzari
  9598 | D:8      | Noticed a two-headed ogre
  9603 | D:8      | Killed a two-headed ogre
  9859 | D:8      | Reached XP level 11. HP: 42/74 MP: 0/0
  9859 | D:8      | Learned a level 4 spell: Summon Lightning Spire
 10410 | D:8      | Found a snail-covered altar of Cheibriados.
 10612 | D:9      | Found Rekhaiju's Jewellery Shoppe.
 10680 | D:9      | Reached *** piety under Ashenzari
 10742 | D:9      | Found Duxoggeg's Assorted Antiques.
 10750 | D:9      | Bought a potion of heal wounds for 130 gold pieces
 10750 | D:9      | Bought a scroll labelled MOOTYA ZOXOUZ for 26 gold pieces
 10750 | D:9      | Bought a potion of curing for 78 gold pieces
 10764 | D:9      | Noticed a two-headed ogre
 10775 | D:9      | Killed a two-headed ogre
 10940 | D:9      | Noticed an orange crystal statue
 11086 | D:9      | Found Dirghosi's General Store.
 11095 | D:9      | Bought a +0 pair of gloves for 54 gold pieces
 11108 | D:9      | Reached skill level 10 in Spellcasting
 11244 | D:9      | Found an iron altar of Okawaru.
 11245 | D:9      | Found a hide-covered altar of Uskayaw.
 11379 | D:9      | Reached skill level 10 in Evocations
 11590 | D:9      | Noticed a two-headed ogre
 11595 | D:9      | Killed a two-headed ogre
 11652 | D:9      | Found a glowing golden altar of the Shining One.
 11878 | D:10     | Entered Level 10 of the Dungeon
 12427 | D:10     | Noticed a two-headed ogre
 12428 | D:10     | Found a staircase to the Orcish Mines.
 12435 | D:10     | Killed a two-headed ogre
 13077 | D:10     | Found a staircase to the Lair.
 13412 | D:11     | Reached **** piety under Ashenzari
 14634 | Lair:1   | Entered Level 1 of the Lair of Beasts
 14648 | Lair:1   | Reached XP level 12. HP: 74/85 MP: 0/0
 15953 | Lair:1   | Found a large runed translucent door.
 15954 | Lair:1   | Found a large runed translucent door.
 15957 | Lair:1   | Noticed Puas's ghost (journeyman GrBe)
 16217 | Lair:2   | Identified a scroll of acquirement
 16244 | Lair:2   | Acquired a manual of Dodging
 16256 | Lair:2   | Reached skill level 6 in Dodging
 16490 | Lair:2   | Found a staircase to the Snake Pit.
 16627 | Lair:2   | Reached skill level 7 in Dodging
 17366 | Lair:2   | Found a staircase to the Shoals.
 17716 | Lair:3   | Noticed Kirke
 17732 | Lair:3   | Reached skill level 8 in Dodging
 17739 | Lair:3   | Reached skill level 1 in Shields
 17739 | Lair:3   | Noticed a sphinx
 17739 | Lair:3   | Killed Kirke
 17745 | Lair:2   | Reached XP level 13. HP: 27/92 MP: 0/0
 17745 | Lair:2   | Learned a level 5 spell: Yara's Violent Unravelling
 18380 | Lair:3   | Reached skill level 9 in Dodging
 18559 | Lair:3   | Noticed a catoblepas
 18562 | Lair:3   | Killed a catoblepas
 18710 | Lair:3   | Noticed a six-headed hydra
 18722 | Lair:3   | Killed a six-headed hydra
 19005 | Lair:4   | Noticed a five-headed hydra
 19016 | Lair:4   | Killed a five-headed hydra
 19017 | Lair:4   | Reached skill level 5 in Fighting
 19790 | Lair:4   | Reached skill level 10 in Dodging
 20195 | Lair:4   | Found a viscous altar of Jiyva.
 20195 | Lair:4   | Found a staircase to the Slime Pits.
 20780 | Lair:5   | Entered Level 5 of the Lair of Beasts
 20780 | Lair:5   | Identified the +5 rapier of the Skies Above {drain, +Blink
                  | rPois Dex-4 SInv}
 21049 | Lair:5   | Acquired the +1 cloak "Buamuxep" {+Inv rC++ Stlth+}
 21366 | Lair:5   | Reached ***** piety under Ashenzari
 21377 | Lair:5   | Noticed a six-headed hydra
 21382 | Lair:5   | Reached skill level 11 in Dodging
 21585 | Lair:5   | Noticed a five-headed hydra
 21589 | Lair:5   | Killed a five-headed hydra
 21594 | Lair:5   | Reached skill level 5 in Shields
 21594 | Lair:5   | Reached XP level 14. HP: 65/105 MP: 0/0
 21952 | Lair:5   | Reached skill level 12 in Dodging
 22717 | Lair:5   | Identified Myith's Atlas of Confrontation
 23005 | Lair:5   | Identified the +2 plate armour of Etwusm {Contam rC+ rCorr}
 24242 | D:12     | Identified the +10 mace "Erhiaqa" {venom, SInv}
 25437 | D:13     | Found a snail-covered altar of Cheibriados.
 25454 | D:13     | Identified the +1 scale mail "Tuadaad" {rCorr MP+9 Int+5
                  | Dex-5}
 25949 | D:14     | Identified the +7 chain mail of the Valley of Death {SInv}
 26135 | D:14     | Reached skill level 13 in Dodging
 27015 | D:14     | Reached XP level 15. HP: 117/117 MP: 0/0
 27015 | D:14     | Learned a level 6 spell: Simulacrum
 27608 | D:14     | Found a gate to the Vaults.
 28026 | Orc:1    | Entered Level 1 of the Orcish Mines
 28026 | Orc:1    | Noticed Erolcha
 28026 | Orc:1    | Noticed Fannar
 28041 | Orc:1    | Killed Fannar
 28048 | Orc:1    | Killed Erolcha
 28281 | Orc:2    | Entered Level 2 of the Orcish Mines
 28902 | Orc:2    | Noticed an orc warlord
 28926 | Orc:2    | Killed an orc warlord
 28927 | Orc:2    | Reached skill level 14 in Dodging
 29130 | Orc:2    | Noticed Azrael
 29137 | Orc:2    | Killed Azrael
 29246 | Orc:2    | Noticed an orc warlord
 29256 | Orc:2    | Killed an orc warlord
 29505 | Orc:2    | Found a staircase to the Elven Halls.
 29623 | Orc:2    | Identified Sif Muna's Vellum of Invitation
 29814 | Orc:2    | Found Ycafyps's Book Boutique.
 29833 | Orc:2    | Found Eneosoq's Antique Armour Boutique.
 29849 | Orc:2    | Found Cicuwod's General Store.
 29856 | Orc:2    | Bought a scroll of teleportation for 45 gold pieces
 29856 | Orc:2    | Bought a potion of curing for 45 gold pieces
 29856 | Orc:2    | Bought a potion of curing for 45 gold pieces
 29865 | Orc:2    | Found Galaduzuq's Antique Weapon Boutique.
 29872 | Orc:2    | Bought a smoking dagger for 189 gold pieces
 29872 | Orc:2    | Identified the +1 dagger "Vocoh" {flame, rF+ MP+9} (You
                  | bought it in a shop on level 2 of the Orcish Mines)
 30203 | Orc:1    | Found Nam Toe's Distillery.
 30214 | Orc:1    | Bought a potion of haste for 120 gold pieces
 30214 | Orc:1    | Bought a potion of curing for 36 gold pieces
 30214 | Orc:1    | Bought a potion of resistance for 120 gold pieces
 30214 | Orc:1    | Bought a potion of curing for 36 gold pieces
 30214 | Orc:1    | Bought a potion of brilliance for 48 gold pieces
 30863 | Snake:1  | Entered Level 1 of the Snake Pit
 31082 | Snake:1  | Reached skill level 15 in Dodging
 31086 | Snake:1  | Reached XP level 16. HP: 51/127 MP: 0/0
 31299 | Snake:1  | Reached skill level 15 in Evocations
 32282 | Shoals:1 | Entered Level 1 of the Shoals
 33100 | Shoals:1 | Identified the +5 sling "Pizihewy" {flame, rF+ rC- Str+3
                  | Int+3}
 33116 | Shoals:1 | Reached skill level 10 in Fighting
 33338 | Shoals:2 | Noticed Louise
 33345 | Abyss:3  | Cast into level 3 of the Abyss (Louise)
 33527 | Shoals:2 | Escaped the Abyss
 33529 | Shoals:2 | Louise changed into Louise the spark wasp
 33529 | Shoals:2 | Noticed Louise
 33602 | Shoals:1 | Reached ****** piety under Ashenzari
 34105 | Shoals:2 | Reached skill level 16 in Dodging
 34105 | Shoals:2 | Reached skill level 10 in Shields
 34105 | Shoals:2 | Reached XP level 17. HP: 136/141 MP: 0/0
 34105 | Shoals:2 | Learned a level 6 spell: Summon Cactus Giant
 34385 | Shoals:2 | Killed Louise the spark wasp
 34928 | Shoals:3 | Reached skill level 1 in Short Blades
 35210 | Shoals:3 | frocskos: !subscribe
 35210 | Shoals:3 | beem: Subscribed. I will now watch all games of user
                  | frocskos.
 35225 | Shoals:3 | Noticed Polyphemus
 35258 | Shoals:2 | HP: 7/143 [death yak[Polyphemus] (7)]
 35260 | Shoals:2 | HP: 3/143 [catoblepas[Polyphemus] (3)]
 35263 | Shoals:2 | HP: 1/143 [death yak[Polyphemus] (2)]
 35264 | Shoals:2 | Slain by a catoblepas

Illustrated notes

Levels and vault maps discovered:
D:1:      kb_arrival_jail, layout_basic,
          hellmonk_ecumenical_altar_pennies_from_heaven
D:2:      cheibrodos_old_hovel, layout_basic, minmay_misc_feat_pillars
D:3:      layout_loops_ring, elyvilon_altar_4, fedhas_altar_2,
          grunt_qazlal_sundering, gup_sewer_entry_spiral
D:4:      layout_gridville, uniq_grinder
D:5:      cheibrodos_thug_alley, layout_cave_pools,
          minmay_temple_entry_butterflies, goddamned_bats
D:6:      layout_loops_ring, serial_shops, shop, dreamdust_wishing_well
D:7:      layout_basic, nicolae_gozag_zags_fifth_avenue,
          kb_lookout_dungeons_type, minmay_ruffians, uniq_duvessa
D:8:      layout_rooms, mainiacjoe_overflow_alcove_4, chequers_jeans
D:9:      layout_roguey, nicolae_tso_carved_into_rock,
          nicolae_overflow_two_pavilions, serial_shops, nicolae_square_shop,
          shop_statue, shop_statue, minmay_statue_bubble
D:10:     layout_basic, mainiacjoe_overflow_catwalk, david_lair_shrubbed,
          orc_0_dummy
D:11:     layout_basic
D:12:     layout_basic
D:13:     layout_irregular_city, slow_altar_2
D:14:     minmay_weird_star, layout_basic, erik_vaults_2, minivault_11
Temple:   nicolae_temple_bog_church
Lair:1:   layout_regular_city, ebering_ghost_disaster_area
Lair:2:   layout_big_grid, elwin_shoals_entry_rocks,
          minmay_snake_entry_six_corridors, pdpol_lair_neglected_garden
Lair:3:   nzn_winding_woodlands_small [nzn_winding_woodlands_5x15_eye,
          nzn_winding_woodlands_center_diamonds,
          nzn_winding_woodlands_5x15_default], layout_misc_corridors,
          beast_lair_carwin_11, grunt_megastairs_4, lemuel_fruit_tree,
          uniq_kirke
Lair:4:   layout_long_grid, slime_entry_1
Lair:5:   minmay_lair_end_frog_pond, layout_long_grid,
          nicolae_volcano_entry_lava_flow, infiniplex_staircase_pool
Shoals:1: layout_shoals, ldierk_geyser, nicolae_shoals_water_elemental_grotto
Shoals:2: layout_shoals, uniq_louise
Shoals:3: layout_shoals, uniq_polyphemus
Snake:1:  layout_basic, hangedman_venom_bottle
Snake:2:  layout_cave_shapes, grunt_megastairs_1
Orc:1:    layout_caves, serial_shops, shop, uniq_erolcha, uniq_fannar
Orc:2:    grunt_orc_cross, layout_diamond_mine, basic_altar, led_sif_book,
          uniq_azrael

Skill      XL: |  1  2  3  4  5  6  7  8  9 10 11 12 13 14 15 16 17 |
---------------+----------------------------------------------------+-----
Spellcasting   | 1 3 4 5 6 8 9 10 11 12 13 | 13.8
Evocations     | 3 6 9 11 12 13 14 15 | 15.7
Dodging        | 8 11 13 15 16 | 16.1
Shields        | 1 5 7 8 10 | 10.2
Fighting       | 4 6 7 9 10 | 10.8
Short Blades   | 1 |  1.4
Throwing       | |  1.5
Unarmed Combat | |  1.7

Action                     |  1- 3 |  4- 6 |  7- 9 | 10-12 | 13-15 | 16-18 || total
---------------------------+-------+-------+-------+-------+-------+-------++-------
  Melee: Dagger            |   184 |   421 |   284 |   143 |    69 |       ||  1101
         Punch             |     3 |     7 |     6 |     5 |    11 |       ||    32
         Rapier            |       |       |       |       |   223 |   156 ||   379
         Staff             |       |       |       |       |     2 |       ||     2
   Cast: Shock             |       |       |    70 |       |     5 |       ||    75
         Blink             |       |       |     4 |     1 |     2 |       ||     7
         Flame Wave        |       |       |    22 |   103 |   157 |    95 ||   377
         Tukima's Dance    |       |       |       |       |    24 |       ||    24
         Simulacrum        |       |       |       |       |     7 |       ||     7
         Summon Lightning  |       |       |       |       |     2 |       ||     2
         Summon Cactus Gia |       |       |       |       |       |     8 ||     8
 Invoke: Curse Item        |       |       |     1 |     5 |     4 |     2 ||    12
         Shatter the Chain |       |       |       |       |     3 |       ||     3
Ability: Evoke Invisibilit |       |       |       |       |     2 |       ||     2
  Evoke: Wand              |       |       |     4 |     6 |    21 |     4 ||    35
         Phantom mirror    |       |       |       |       |     3 |       ||     3
         Box of beasts     |       |       |       |       |     4 |     2 ||     6
    Use: Scroll            |       |     4 |     5 |     5 |    14 |     3 ||    31
         Potion            |       |     1 |     1 |     2 |     6 |       ||    10
   Stab: Sleeping          |     2 |     6 |       |       |     1 |     1 ||    10
         Distracted        |       |       |       |       |     2 |       ||     2
         Paralysed         |       |       |       |       |       |    24 ||    24
 Armour: Leather armour    |    36 |    53 |    54 |    34 |   101 |       ||   278
         Troll leather arm |       |       |       |       |    55 |    86 ||   141
  Dodge: Dodged            |    92 |   231 |   272 |   319 |   759 |   352 ||  2025
  Block: Buckler           |       |       |       |       |    20 |   163 ||   183

Table legend: (Time is in decaauts)
 A = Elapsed time spent in this place.
 B = Non-inter-level travel time spent in this place.
 C = Inter-level travel time spent in this place.
 D = Time resting spent in this place.
 E = Time spent auto-exploring this place.
 F = Levels seen in this place.
 G = Mean time per level.
                   A        B        C        D        E       F      G
               +--------+--------+--------+--------+--------+-----+--------+
         Total |  35095 |  33749 |   1346 |  11996 |  16052 |  29 | 1210.2 |
       Dungeon |  17874 |  17284 |    590 |   5529 |   9221 |  14 | 1276.7 |
        Temple |     29 |     17 |     12 |      0 |      4 |   1 |   29.0 |
          Lair |   9725 |   9377 |    348 |   4869 |   3290 |   5 | 1945.0 |
        Shoals |   2666 |   2596 |     70 |    751 |   1099 |   3 |  888.7 |
     Snake Pit |   1091 |   1040 |     51 |    110 |    691 |   2 |  545.5 |
  Orcish Mines |   2654 |   2381 |    273 |    598 |   1216 |   2 | 1327.0 |
         Abyss |    183 |    183 |      0 |     80 |      0 |   1 |  183.0 |
         Sewer |    869 |    869 |      0 |     59 |    531 |   1 |  869.0 |
               +--------+--------+--------+--------+--------+-----+--------+

Top non-repeatable levels by time:
  Lair:4: 2594 daAuts
  Lair:2: 2216 daAuts
   Orc:2: 2069 daAuts
     D:5: 1890 daAuts
    D:14: 1868 daAuts
  Lair:5: 1864 daAuts
    D:10: 1637 daAuts
  Lair:3: 1616 daAuts
    D:11: 1456 daAuts
  Lair:1: 1434 daAuts
     D:7: 1398 daAuts
    D:13: 1393 daAuts
Shoals:2: 1390 daAuts
     D:9: 1280 daAuts
     D:4: 1218 daAuts
